[ AOE2 MATCH · #504654599 ]
UnrankedMagyars vs Vikings
Player's team · LOSS
Rival team · WIN
[ REPLAY ANALYSIS · EXTRACTED FROM THE RECORDED GAME ]
Feudal
8:55
Castle
—
Imperial
—
| APM avg | 51.4 |
| APM peak | 101 |
| eAPM avg | 24.8 |
| Villagers / military | 52 / 48 |
Focus
⚔️ 48.7% · 🌾 51.3%
Skirmisher ×26 · Scout Cavalry ×22
Feudal
9:17
Castle
20:29
Imperial
—
| APM avg | 110.3 |
| APM peak | 209 |
| eAPM avg | 59.4 |
| Villagers / military | 65 / 51 |
Focus
⚔️ 71.0% · 🌾 29.0%
Knight ×27 · Skirmisher ×21 · Spearman ×3
Match map
Initial resources + every placement click. Lines = walls · curves = elevation contours. ◆ gold · ⬟ stone · ● berries · ✦ relic · ◌ wall gap
Your base· ✓ Closed at 24:20 · 28t walls · 1 gate(s)
Ux´Combito's base· ✓ Closed at 20:29 · 56t walls · no gate
Smoothed initial terrain · ◌ = detected wall gap · hover for details
Inputs per minute
— TAG_Z40 - - Ux´Combito
Build order — TAG_Z40
First 150 of 187 actions detected
| 0:01 | Create | Villager (Male) |
| 0:01 | Create | Villager (Male) |
| 0:01 | Create | Villager (Male) |
| 0:02 | Create | Villager (Male) |
| 0:02 | Create | Villager (Male) |
| 0:03 | Build | House |
| 0:05 | Build | House |
| 1:29 | Create | Villager (Male) |
| 1:46 | Build | Lumber Camp |
| 2:01 | Build | House |
| 2:07 | Create | Villager (Male) |
| 2:07 | Create | Villager (Male) |
| 2:28 | Create | Villager (Male) |
| 2:59 | Create | Villager (Male) |
| 3:20 | Create | Villager (Male) |
| 3:50 | Create | Villager (Male) |
| 3:52 | Create | Villager (Male) |
| 3:54 | Build | House |
| 3:55 | Build | House |
| 4:27 | Create | Villager (Male) |
| 4:54 | Build | Mill |
| 5:05 | Create | Villager (Male) |
| 5:05 | Create | Villager (Male) |
| 5:25 | Create | Villager (Male) |
| 5:26 | Research | Loom |
| 6:45 | Research | Feudal Age |
| 7:06 | Build | Palisade Wall |
| 7:10 | Build | Palisade Wall |
| 7:11 | Build | Palisade Wall |
| 7:25 | Build | Barracks |
| 7:49 | Create | Villager (Male) |
| 8:55 | Age | Feudal Age |
| 8:58 | Build | Stable |
| 9:12 | Create | Villager (Male) |
| 9:16 | Build | House |
| 9:24 | Research | Double-Bit Axe |
| 9:33 | Create | Villager (Male) |
| 9:40 | Create | Scout Cavalry |
| 9:41 | Create | Scout Cavalry |
| 10:07 | Create | Villager (Male) |
| 10:10 | Build | House |
| 10:16 | Research | Horse Collar |
| 10:25 | Build | Palisade Gate |
| 10:26 | Build | Palisade Wall |
| 10:31 | Create | Villager (Male) |
| 10:33 | Build | Farm |
| 10:37 | Build | Farm |
| 10:41 | Create | Scout Cavalry |
| 10:57 | Build | Farm |
| 11:08 | Create | Villager (Male) |
| 11:23 | Create | Villager (Male) |
| 11:27 | Build | House |
| 11:30 | Build | Palisade Wall |
| 11:39 | Build | Farm |
| 11:46 | Build | Farm |
| 11:48 | Build | Farm |
| 11:49 | Create | Villager (Male) |
| 11:57 | Create | Scout Cavalry |
| 12:11 | Create | Villager (Male) |
| 12:31 | Build | Archery Range |
| 12:34 | Build | Archery Range |
| 12:38 | Create | Scout Cavalry |
| 12:39 | Create | Villager (Male) |
| 12:48 | Create | Villager (Male) |
| 12:51 | Build | Farm |
| 13:08 | Build | House |
| 13:14 | Create | Scout Cavalry |
| 13:17 | Create | Skirmisher |
| 13:17 | Create | Skirmisher |
| 13:23 | Build | Blacksmith |
| 13:28 | Create | Villager (Male) |
| 13:45 | Create | Skirmisher |
| 13:47 | Create | Villager (Male) |
| 14:00 | Build | Farm |
| 14:02 | Create | Skirmisher |
| 14:03 | Create | Skirmisher |
| 14:10 | Build | House |
| 14:21 | Build | Farm |
| 14:22 | Create | Scout Cavalry |
| 14:24 | Create | Skirmisher |
| 14:30 | Build | House |
| 14:34 | Build | Farm |
| 14:43 | Create | Villager (Male) |
| 14:43 | Create | Villager (Male) |
| 14:45 | Build | Farm |
| 14:46 | Build | Farm |
| 14:50 | Create | Skirmisher |
| 14:59 | Create | Skirmisher |
| 15:09 | Create | Villager (Male) |
| 15:14 | Build | Farm |
| 15:20 | Research | Fletching |
| 15:20 | Research | Fletching |
| 15:23 | Build | House |
| 15:28 | Create | Skirmisher |
| 15:32 | Build | Farm |
| 15:39 | Create | Villager (Male) |
| 15:48 | Create | Skirmisher |
| 15:58 | Create | Villager (Male) |
| 15:59 | Build | Farm |
| 16:01 | Build | Farm |
| 16:01 | Create | Villager (Male) |
| 16:23 | Create | Skirmisher |
| 16:34 | Create | Skirmisher |
| 16:39 | Create | Scout Cavalry |
| 16:41 | Create | Villager (Male) |
| 16:43 | Build | Mining Camp |
| 17:00 | Create | Skirmisher |
| 17:03 | Create | Scout Cavalry |
| 17:17 | Create | Skirmisher |
| 17:27 | Create | Villager (Male) |
| 17:32 | Build | Farm |
| 17:33 | Create | Scout Cavalry |
| 17:35 | Create | Scout Cavalry |
| 17:42 | Build | House |
| 17:52 | Build | Lumber Camp |
| 17:55 | Create | Villager (Male) |
| 17:57 | Create | Skirmisher |
| 18:01 | Research | Scale Barding Armor |
| 18:01 | Research | Scale Barding Armor |
| 18:20 | Create | Scout Cavalry |
| 18:26 | Create | Skirmisher |
| 18:27 | Create | Villager (Male) |
| 18:43 | Create | Skirmisher |
| 18:45 | Create | Scout Cavalry |
| 19:01 | Create | Villager (Male) |
| 19:02 | Create | Skirmisher |
| 19:07 | Create | Villager (Male) |
| 19:16 | Create | Skirmisher |
| 19:17 | Create | Villager (Male) |
| 19:23 | Build | Watch Tower |
| 19:28 | Build | Lumber Camp |
| 19:31 | Build | Farm |
| 19:32 | Build | Farm |
| 19:32 | Create | Villager (Male) |
| 19:49 | Build | Mining Camp |
| 19:51 | Build | House |
| 19:53 | Create | Skirmisher |
| 20:04 | Build | Watch Tower |
| 20:21 | Research | Bloodlines |
| 20:22 | Create | Scout Cavalry |
| 20:23 | Create | Skirmisher |
| 20:24 | Create | Villager (Male) |
| 20:37 | Build | House |
| 20:40 | Build | Farm |
| 20:41 | Build | Farm |
| 20:42 | Create | Villager (Male) |
| 21:10 | Create | Skirmisher |
| 21:14 | Create | Skirmisher |
| 21:15 | Create | Villager (Male) |
| 21:27 | Create | Skirmisher |
Build order — Ux´Combito
First 150 of 222 actions detected
| 0:00 | Create | Villager (Male) ×4 |
| 0:01 | Build | House |
| 0:03 | Build | House |
| 1:21 | Create | Villager (Male) |
| 1:21 | Create | Villager (Male) |
| 1:48 | Create | Villager (Male) |
| 1:49 | Create | Villager (Male) |
| 2:07 | Build | Lumber Camp |
| 2:09 | Create | Villager (Male) |
| 2:09 | Create | Villager (Male) |
| 2:38 | Create | Villager (Male) |
| 2:38 | Create | Villager (Male) |
| 3:12 | Create | Villager (Male) |
| 3:12 | Create | Villager (Male) |
| 3:16 | Create | Villager (Male) |
| 3:16 | Create | Villager (Male) |
| 3:42 | Build | House |
| 3:46 | Create | Villager (Male) |
| 3:56 | Create | Villager (Male) |
| 3:57 | Create | Villager (Male) |
| 4:00 | Build | House |
| 4:00 | Build | House |
| 4:25 | Create | Villager (Male) |
| 4:26 | Create | Villager (Male) |
| 4:43 | Create | Villager (Male) |
| 4:43 | Create | Villager (Male) |
| 4:57 | Build | Mill |
| 5:03 | Create | Villager (Male) |
| 5:12 | Build | Palisade Wall |
| 5:13 | Build | Palisade Wall |
| 5:16 | Build | Palisade Wall |
| 5:17 | Build | Palisade Wall |
| 5:29 | Create | Villager (Male) |
| 6:08 | Create | Villager (Male) |
| 6:38 | Research | Loom |
| 6:38 | Research | Loom |
| 6:38 | Research | Loom |
| 6:52 | Build | Palisade Wall |
| 7:07 | Research | Feudal Age |
| 7:21 | Build | Lumber Camp |
| 7:28 | Build | Palisade Wall |
| 7:52 | Create | Villager (Male) |
| 8:20 | Build | Palisade Wall |
| 8:26 | Build | Barracks |
| 8:47 | Build | Palisade Wall |
| 8:48 | Build | Palisade Wall |
| 8:49 | Build | Palisade Wall |
| 9:17 | Age | Feudal Age |
| 9:25 | Research | Double-Bit Axe |
| 9:29 | Build | Palisade Wall |
| 9:34 | Create | Villager (Male) |
| 9:42 | Build | House |
| 9:49 | Build | Palisade Wall |
| 10:00 | Build | Palisade Wall |
| 10:00 | Create | Spearman |
| 10:07 | Create | Villager (Male) |
| 10:28 | Build | Archery Range |
| 10:29 | Build | Palisade Wall |
| 10:33 | Build | Palisade Wall |
| 10:39 | Create | Villager (Male) |
| 10:41 | Create | Villager (Male) |
| 10:54 | Create | Villager (Male) |
| 10:57 | Research | Horse Collar |
| 10:58 | Research | Horse Collar |
| 11:08 | Build | Farm |
| 11:11 | Create | Villager (Male) |
| 11:13 | Build | House |
| 11:17 | Create | Villager (Male) |
| 11:29 | Create | Skirmisher |
| 11:41 | Create | Villager (Male) |
| 11:45 | Build | Farm |
| 11:46 | Build | Farm |
| 11:56 | Build | Farm |
| 12:02 | Create | Spearman |
| 12:08 | Create | Villager (Male) |
| 12:10 | Build | Farm |
| 12:22 | Build | House |
| 12:24 | Build | House |
| 12:25 | Build | House |
| 12:28 | Create | Villager (Male) |
| 12:39 | Create | Skirmisher |
| 12:49 | Create | Spearman |
| 13:11 | Build | Farm |
| 13:15 | Create | Villager (Male) |
| 13:17 | Build | Farm |
| 13:39 | Create | Villager (Male) |
| 13:41 | Build | Farm |
| 13:42 | Build | Farm |
| 13:44 | Create | Skirmisher |
| 13:53 | Build | House |
| 14:00 | Create | Villager (Male) |
| 14:05 | Build | Palisade Wall |
| 14:11 | Build | Palisade Wall |
| 14:13 | Build | Farm |
| 14:14 | Build | Farm |
| 14:17 | Build | Farm |
| 14:20 | Create | Skirmisher |
| 14:23 | Create | Skirmisher |
| 14:38 | Build | Mining Camp |
| 14:41 | Create | Skirmisher |
| 14:51 | Create | Villager (Male) |
| 14:52 | Create | Villager (Male) |
| 14:53 | Build | House |
| 15:01 | Create | Skirmisher |
| 15:06 | Create | Villager (Male) |
| 15:22 | Build | House |
| 15:31 | Build | Blacksmith |
| 15:52 | Create | Skirmisher |
| 16:03 | Create | Skirmisher |
| 16:16 | Create | Villager (Male) |
| 16:17 | Research | Fletching |
| 16:21 | Create | Skirmisher |
| 16:23 | Create | Skirmisher |
| 16:41 | Build | Farm |
| 16:43 | Build | Farm |
| 16:50 | Create | Villager (Male) |
| 16:52 | Build | House |
| 16:52 | Build | House |
| 17:03 | Create | Skirmisher |
| 17:21 | Create | Villager (Male) |
| 17:23 | Build | Farm |
| 17:24 | Create | Skirmisher |
| 17:35 | Build | Farm |
| 17:37 | Build | Farm |
| 17:39 | Build | Farm |
| 17:46 | Build | Farm |
| 17:49 | Research | Castle Age |
| 17:49 | Research | Castle Age |
| 17:50 | Research | Castle Age |
| 18:07 | Create | Skirmisher |
| 18:41 | Create | Skirmisher |
| 18:44 | Research | Gold Mining |
| 18:44 | Research | Gold Mining |
| 18:50 | Create | Skirmisher |
| 19:01 | Build | Stable |
| 19:04 | Build | Stable |
| 19:14 | Create | Villager (Male) |
| 19:24 | Create | Skirmisher |
| 19:25 | Research | Padded Archer Armor |
| 19:25 | Research | Padded Archer Armor |
| 20:12 | Create | Skirmisher |
| 20:21 | Create | Skirmisher |
| 20:26 | Create | Skirmisher |
| 20:29 | Age | Castle Age |
| 20:31 | Research | Elite Skirmisher (upgrade) |
| 20:32 | Research | Bodkin Arrow |
| 20:32 | Research | Bodkin Arrow |
| 20:34 | Research | Bow Saw |
| 20:49 | Create | Knight |
| 20:49 | Create | Knight |
Match timeline
| 5:12 | Ux´Combito · wall_segment Palisade Wall x1 |
| 5:13 | Ux´Combito · wall_segment Palisade Wall x4 |
| 5:16 | Ux´Combito · wall_segment Palisade Wall x2 |
| 5:17 | Ux´Combito · wall_segment Palisade Wall x4 |
| 6:52 | Ux´Combito · wall_segment Palisade Wall x6 |
| 7:06 | TAG_Z40 · wall_segment Palisade Wall x4 |
| 7:10 | TAG_Z40 · wall_segment Palisade Wall x5 |
| 7:11 | TAG_Z40 · wall_segment Palisade Wall x1 |
| 7:25 | TAG_Z40 · first_building Barracks |
| 7:28 | Ux´Combito · wall_segment Palisade Wall x5 |
| 8:20 | Ux´Combito · wall_segment Palisade Wall x14 |
| 8:26 | Ux´Combito · first_building Barracks |
| 8:47 | Ux´Combito · wall_segment Palisade Wall x1 |
| 8:48 | Ux´Combito · wall_segment Palisade Wall x1 |
| 8:49 | Ux´Combito · wall_segment Palisade Wall x1 |
| 8:55 | TAG_Z40 · age_up feudal |
| 8:58 | TAG_Z40 · first_building Stable |
| 9:17 | Ux´Combito · age_up feudal |
| 9:29 | Ux´Combito · wall_segment Palisade Wall x1 |
| 9:49 | Ux´Combito · wall_segment Palisade Wall x6 |
| 10:00 | Ux´Combito · wall_segment Palisade Wall x10 |
| 10:26 | TAG_Z40 · wall_segment Palisade Wall x2 |
| 10:28 | Ux´Combito · first_building Archery Range |
| 10:29 | Ux´Combito · wall_segment Palisade Wall x2 |
| 10:33 | Ux´Combito · wall_segment Palisade Wall x1 |
| 11:30 | TAG_Z40 · wall_segment Palisade Wall x13 |
| 12:31 | TAG_Z40 · first_building Archery Range |
| 14:05 | Ux´Combito · wall_segment Palisade Wall x1 |
| 14:11 | Ux´Combito · wall_segment Palisade Wall x1 |
| 19:01 | Ux´Combito · first_building Stable |
| 20:29 | Ux´Combito · age_up castle |
| 23:36 | TAG_Z40 · wall_segment Stone Wall x1 |
| 23:37 | TAG_Z40 · wall_segment Stone Wall x1 |
| 23:39 | TAG_Z40 · wall_segment Stone Wall x1 |
| 25:37 | Ux´Combito · wall_segment Palisade Wall x1 |
| 25:37 | Ux´Combito · wall_segment Palisade Wall x1 |
| 26:56 | TAG_Z40 · resign |
[ AI ANALYSIS · 1 CREDIT ]
What really happened in this match?
Wolo.gg analyzes every decision: build order, eco, micro, common mistakes by bracket. Personalized analysis on WhatsApp or Discord in 30 seconds.
Civ guide
Magyars
Perfil
Jugador #726223